 Dungeon Crawl Stone Soup version 0.24.0-13-gcf9b319 (webtiles) character file.

Game seed: 8175760074432186724, levelgen mode: deterministic

56 Fang the Shield-Bearer (level 3, -4/24 HPs)
             Began as a Gargoyle Fighter on Dec 16, 2019.
             Killed from afar by Natasha (10 damage)
             ... with a magic dart
             ... on level 2 of the Dungeon.
             The game lasted 00:00:54 (1027 turns).

Fang the Shield-Bearer (Gargoyle Fighter)           Turns: 1027, Time: 00:00:54

Health: -4/24      AC: 10    Str: 20    XL:     3   Next: 97%
Magic:  3/3        EV:  7    Int:  8    God:
Gold:   95         SH:  9    Dex:  9    Spells: 2/2 levels left

rFire    . . .     SeeInvis .   a - +0 war axe
rCold    . . .     Gourm    .   B - +0 shield
rNeg     + . .     Faith    .   b - +0 scale mail
rPois    ∞         Spirit   .   (no helmet)
rElec    +         Reflect  .   (no cloak)
rCorr    .         Harm     .   (no gloves)
MR       .....                  (no boots)
Stlth    ..........             (no amulet)
HPRegen  0.08/turn              (no ring)
MPRegen  0.08/turn              (no ring)

@: no status effects
A: negative energy resistance 1, electricity resistance, unbreathing,
petrification resistance, rot immunity, AC +3
a: no special abilities


You were on level 2 of the Dungeon.
You were not hungry.

You visited 1 branch of the dungeon, and saw 2 of its levels.

You collected 95 gold pieces.

Inventory:

Hand Weapons
 a - a +0 war axe (weapon)
Armour
 b - a +0 scale mail (worn)
 B - a +0 shield (worn)
Scrolls
 i - a scroll of random uselessness {unknown}
 j - a scroll of blinking {unknown}
 k - a scroll of remove curse {unknown}
 m - a scroll of identify {unknown}
 n - a scroll of immolation {unknown}
 o - a scroll of noise {unknown}
Potions
 d - a potion of might
 e - a potion of degeneration {unknown}
 f - 2 potions of curing {unknown}
 h - a potion of agility {unknown}
 l - a potion of heal wounds {unknown}
 p - a potion of berserk rage {unknown}
Comestibles
 c - 2 rations
 g - 7 chunks of flesh


   Skills:
 + Level 3.8 Fighting
 + Level 2.3 Axes
 + Level 3.8 Armour
 + Level 3.9 Shields


You had 2 spell levels left.
You didn't know any spells.
Your spell library was empty.

Dungeon Overview and Level Annotations

Branches:
Dungeon (2/15)

Altars:

Annotations:
D:2 Natasha


Innate Abilities, Weirdness & Mutations

You are resistant to torment.
Your stone body is resilient. (AC +3)
You are immune to poison.
You resist negative energy. (rN+)
You are resistant to electric shocks. (rElec)
You can survive without breathing.
You are immune to petrification.
You are immune to rotting.


Message History

You barely miss Natasha.
Natasha is heavily wounded.
You hit the iron imp but do no damage. Natasha claws you.
You block the iron imp's attack. Natasha claws you but does no damage.
You are too injured to fight recklessly!
You are too injured to fight recklessly!
Natasha claws you.
* * * LOW HITPOINT WARNING * * *
Found a dagger.
You closely miss Natasha.
Natasha is heavily wounded.
You barely miss the iron imp. You block the iron imp's attack.
You block Natasha's attack.
You closely miss Natasha.
Natasha is heavily wounded.
You hit the iron imp but do no damage. Natasha claws you but does no damage.
The iron imp hits you but does no damage.
Natasha stares at you and mumbles some strange words.
The magic dart hits you!
You die...

...##.....## #..##
.## #.######...# #.#.
# #.# #)..# ##....
..# #...#####... ..
### #.........## ...#
# ###....####.###...#
#
..<...>.............
.
............5##.#.)#
.............@h.....#
#####....####........
#..... ...#.#.##
#...## ###.#.# #
..... .# # [#... .#
##. .. .#


You could see an iron imp and Natasha.

Vanquished Creatures
  2 oozes (D:1)
  2 worms (D:2)
  4 dart slugs
  2 leopard geckos (D:1)
  4 bats (D:2)
  A giant cockroach (D:2)
  4 goblins
  A hobgoblin (D:1)
  2 quokkas (D:2)
  4 kobolds
  5 rats
  A plant (D:1)
32 creatures vanquished.

Notes
Turn   | Place    | Note
-------+----------+-------------------------------------------
     0 | D:1      | Fang the Gargoyle Fighter began the quest for the Orb.
     0 | D:1      | Reached XP level 1. HP: 14/14 MP: 1/1
    24 | D:1      | Reached XP level 2. HP: 19/19 MP: 2/2
   281 | D:1      | Reached XP level 3. HP: 23/23 MP: 3/3
  1016 | D:2      | Noticed Natasha
  1027 | D:2      | Killed from afar by Natasha

Levels and vault maps discovered:
D:1:      co_arrival_random_square_maze, layout_rooms, serial_forest,
          infiniplex_forest_end_3, infiniplex_forest_clump_small,
          infiniplex_forest_end_3, infiniplex_forest_end_2,
          minmay_split_cup_small
D:2:      layout_loops_cross, uniq_natasha

Skill      XL: |  1 |
---------------+----+-----
Axes           | 2 |  2.3
Fighting       | |  3.8
Armour         | |  3.8
Shields        | |  3.9

Action                   || total
-------------------------++-------
Melee: War axe           ||   158
  Eat: Chunk             ||     1
Armor: Scale mail        ||    81
Dodge: Dodged            ||    38
Block: Shield            ||    70
